Map: Disco Bloodbath LE

Players

banana

  • Race: Protoss Protoss
  • League: Platinum
  • Spawn Location: 3:00

pHARM - Winner!

  • Race: Zerg Zerg
  • League: Platinum
  • Spawn Location: 9:00

VOD

Have the link to the VOD?

Description

Time

  • Played on: Sept. 14, 2019, 8:45 p.m.
  • Length: 10:08
Show
View Real Time Build Order
Export as new Build Order

banana Protoss 

Build Orders: 1 Gate Expand, Phoenix Opening, Zealot Archon 

Get SALT Encoding   

  12  0:01  Probe  
  13  0:13  Probe  
  14  0:19  Pylon  
  14  0:25  Probe (Chrono Boost)  
  15  0:34  Assimilator  
  15  0:39  Probe (Chrono Boost)  
  16  0:45  Gateway  
  16  0:47  Probe  
  17  0:59  Probe  
  18  1:12  Probe  
  19  1:24  Probe  
  20  1:34  Nexus  
  20  1:42  Pylon  
  20  1:45  Probe  
  21  1:51  Assimilator  
  21  1:57  Probe  
  22  2:05  Cybernetics Core  
  22  2:12  Probe (Chrono Boost)  
  23  2:22  Probe (Chrono Boost)  
  24  2:27  Probe (Chrono Boost)  
  25  2:41  Adept  
  25  2:43  Stargate  
  27  2:47  Probe (Chrono Boost)  
  29  2:51  Probe (Chrono Boost)  
  29  2:54  Pylon  
  29  2:57  Probe (Chrono Boost)  
  30  2:59  Robotics Facility  
  30  3:00  Probe (Chrono Boost)  
  31  3:05  Probe (Chrono Boost)  
  32  3:17  Probe  
  32  3:18  Twilight Council  
  33  3:24  Gateway  
  33  3:28  Phoenix  
  33  3:30  Probe  
  37  3:34  Probe  
  37  3:37  Adept  
  39  3:45  Probe (Chrono Boost)  
  41  3:50  Probe (Chrono Boost)  
  42  3:55  Gateway  
  42  3:57  Probe (Chrono Boost)  
  42  4:08  Warp Gate (Chrono Boost)  
  42  4:09  Zealot  
  44  4:13  Probe, Charge (Chrono Boost)  
  45  4:25  Probe  
  45  4:26  Pylon  
  45  4:28  Immortal  
  50  4:44  Probe  
  50  4:45  Probe  
  52  4:56  Probe  
  52  4:57  Probe  
  54  5:15  Immortal  
  54  5:17  Probe  
  57  5:29  Probe  
  56  5:48  Templar Archives  
  56  5:52  Gateway  
  56  5:53  Gateway  
  56  5:54  Gateway  
  56  5:56  Gateway  
  56  5:58  Gateway  
  56  5:59  Gateway  
  56  6:09  Pylon  
  56  6:10  Zealot x3  
  62  6:17  Assimilator  
  62  6:22  Assimilator  
  62  6:27  Probe x2  
  62  6:32  Forge  
  64  6:34  Nexus  
  64  6:35  High Templar x2  
  64  6:37  Pylon  
  64  6:39  Probe x2, Assimilator  
  70  6:40  Archon  
  70  6:41  Assimilator  
  70  6:47  Pylon x2  
  70  6:49  Pylon  
  70  6:57  Warp Prism  
  70  7:01  Zealot x3  
  78  7:11  Pylon  
  78  7:12  Photon Cannon, Shield Battery  
  78  7:13  Shield Battery  
  78  7:14  Probe  
  79  7:15  Probe  
  79  7:22  Zealot x3  
  84  7:23  Zealot x4  
  84  7:24  Zealot  
  84  7:26  Probe  
  84  7:28  Probe  
  98  7:30  Zealot  
  98  7:36  Pylon  
  100  7:38  Pylon  
  100  7:47  High Templar  
  100  7:49  High Templar  
  82  8:00  Archon  
  82  8:02  Zealot x4  
  90  8:09  Immortal  
  94  8:14  Zealot x2  
  94  8:15  Zealot  
  86  8:30  High Templar  
  86  8:31  High Templar  
  90  8:37  Archon  
  84  8:41  Zealot x2  
  84  8:42  Zealot x3  
  84  8:43  Zealot x2  
  62  9:09  Probe  
  62  9:13  Zealot x2  
  62  9:14  Zealot x5  
  62  9:15  Zealot  
  78  9:22  Probe (Chrono Boost)  
  79  9:34  Probe (Chrono Boost)  
  79  9:37  High Templar  
  79  9:38  Probe (Chrono Boost)  
  83  9:40  Probe (Chrono Boost)  
  83  9:44  Probe  
  83  9:46  Zealot  
  83  9:47  Zealot x5  
  83  9:48  Probe  
  67  10:00  Robotics Facility  
Show
View Real Time Build Order
Export as new Build Order

pHARM Zerg - Winner!

Build Orders: Hatch First, Roach Hydra 

Get SALT Encoding   

  12  0:14  Overlord  
  12  0:16  Overlord  
  12  0:33  Drone x2  
  14  0:52  Hatchery  
  14  0:56  Drone  
  14  1:00  Drone  
  15  1:05  Drone  
  15  1:11  Drone  
  17  1:29  Spawning Pool  
  17  1:31  Drone x2  
  18  1:41  Drone  
  19  1:48  Extractor  
  19  1:52  Drone  
  19  2:05  Drone x2  
  21  2:14  Drone  
  22  2:26  Drone x3  
  25  2:35  Queen x2  
  25  2:36  Drone  
  30  2:39  Overlord  
  30  2:55  Hatchery  
  30  2:57  Drone x2  
  30  2:58  Drone  
  32  3:04  Spore Crawler  
  31  3:08  Spore Crawler  
  31  3:09  Drone  
  31  3:10  Drone x2  
  33  3:16  Lair  
  33  3:20  Overlord  
  33  3:24  Drone  
  34  3:32  Drone x2  
  36  3:47  Drone x8  
  44  3:52  Extractor x2  
  42  4:06  Drone x3  
  45  4:16  Drone x2  
  47  4:29  Hydralisk Den  
  46  4:43  Metabolic Boost  
  46  4:44  Zergling x2  
  46  4:45  Zergling x6  
  50  4:53  Overlord x3  
  44  5:47  Roach Warren  
  44  5:49  Evolution Chamber  
  42  5:51  Drone x3  
  42  5:52  Evolution Chamber  
  42  5:55  Muscular Augments  
  44  6:02  Drone x8  
  44  6:03  Drone x2, Queen  
  56  6:10  Overlord  
  56  6:22  Zerg Missile Weapons Level 1  
  56  6:23  Zerg Ground Armor Level 1  
  56  6:26  Overlord x2  
  56  6:27  Overlord x2  
  56  6:33  Roach x4  
  56  6:34  Roach x3  
  56  6:38  Hydralisk x2  
  74  6:43  Glial Reconstitution  
  74  6:52  Roach x4  
  74  6:53  Roach  
  84  6:56  Extractor  
  84  6:57  Extractor  
  84  7:00  Drone x6  
  88  7:07  Grooved Spines  
  88  7:08  Hatchery  
  87  7:15  Hydralisk  
  87  7:16  Hydralisk x5  
  99  7:24  Drone x4  
  99  7:29  Hydralisk  
  103  7:31  Overlord x2  
  95  8:05  Hydralisk  
  95  8:06  Hydralisk x12  
  115  8:26  Drone x3  
  118  8:28  Drone x2  
  116  8:47  Roach  
  116  8:48  Roach x9  
  108  9:09  Drone x4  
  112  9:25  Queen  
Tags
 
Add a new tag
Caveats
  • Supply blocks, unpowered buildings, or Contaminate may cause inaccurate times.
  • Supply counts are checked every 10 seconds.